 Dungeon Crawl Stone Soup version 0.27-a0-1188-g73eefd5 (webtiles) character file.

Game seed: 1509592846844439914

115861 GeorgeSoros the Earth Mage (level 16, -6/92 HPs)
             Began as a Gargoyle Earth Elementalist on May 18, 2021.
             Was the Champion of Qazlal.
             Mangled by an anaconda simulacrum (8 damage)
             ... in an ice cave on May 20, 2021.
             The game lasted 01:55:23 (37028 turns).

GeorgeSoros the Earth Mage (GrEE)                  Turns: 37028, Time: 01:55:24

Health: -6/92      AC: 29    Str: 12      XL:     16   Next: 69%
Magic:  6/27       EV: 11    Int: 28      God:    Qazlal [******]
Gold:   3874       SH:  8    Dex:  8 (10) Spells: 10/19 levels left

rFire    + + .     SeeInvis .   a - +3 dire flail (elec)
rCold    + + .     Faith    +   (shield currently unavailable)
rNeg     + . .     Spirit   .   P - +0 acid dragon scales
rPois    ∞         Reflect  .   x - +0 helmet
rElec    +         Harm     .   E - +1 cloak {Will+}
rCorr    +         Rampage  .   (no gloves)
Will     +++..                  C - +0 pair of boots of the Ecumenical Temple {rF+ Will+ Int+2 Slay+2}
Stlth    +.........             O - amulet of faith
HPRegen  0.25/turn              V - ring of Otecedoz {rF+ rC+ rCorr Int+3 Stlth+}
MPRegen  0.20/turn              k - +4 ring of protection

@: protected from cold, flying, repel missiles
A: sickness immunity, AC +12, big wings, negative energy resistance 1,
electricity resistance, torment resistance 1, petrification resistance,
deterioration 1
a: Renounce Religion, Upheaval, Elemental Force, Disaster Area


You were in an ice cave.
You worshipped Qazlal.
Qazlal was exalted by your worship.
You visited 5 branches of the dungeon, and saw 25 of its levels.
You visited the Abyss 1 time.
You also visited: Sewer, Ossuary, Bailey, Gauntlet and Ice Cave.

You collected 3874 gold pieces.

Inventory:

Hand Weapons
 a - a +3 dire flail of electrocution (weapon)
 e - a +2 dire flail of holy wrath
Missiles
 o - 38 stones
Armour
 x - a +0 helmet (worn)
 C - the +0 pair of boots of the Ecumenical Temple (worn) {rF+ Will+ Int+2 Slay+2}
   (You acquired it on level 6 of the Dungeon)

   It affects your intelligence (+2).
   It affects your accuracy and damage with ranged weapons and melee attacks
   (+2).
   It protects you from fire.
   It increases your willpower.
 E - a +1 cloak of willpower (worn)
 P - +0 acid dragon scales (worn)
Jewellery
 c - a ring of magical power
 k - a +4 ring of protection (right hand)
 s - a +6 ring of strength
 u - a ring of protection from cold
 v - a ring of see invisible
 B - an amulet of regeneration
 O - an amulet of faith (around neck)
 Q - an amulet of magic regeneration
 V - the ring of Otecedoz (left hand) {rF+ rC+ rCorr Int+3 Stlth+}
   (You found it in a Gauntlet)

   [ring of protection from fire]

   It affects your intelligence (+3).
   It protects you from fire.
   It protects you from cold.
   It protects you from acid and corrosion.
   It makes you more stealthy.
Wands
 d - a wand of charming (16)
 w - a wand of iceblast (44)
 y - a wand of flame (57)
 A - a wand of paralysis (16)
 M - a wand of acid (4)
 R - a wand of polymorph (5)
 S - a wand of digging (2)
 X - a wand of mindburst (25)
Scrolls
 b - a scroll of amnesia
 g - 7 scrolls of identify
 i - 6 scrolls of fear
 D - 2 scrolls of blinking
 G - 3 scrolls of teleportation
 H - 6 scrolls of enchant weapon
 I - 2 scrolls of immolation
 U - 2 scrolls of fog
 W - a scroll of brand weapon
Potions
 f - 11 potions of curing
 h - 4 potions of mutation
 p - a potion of magic
 q - 7 potions of might
 r - 4 potions of brilliance
 t - 7 potions of lignification
 z - 2 potions of berserk rage
 F - 2 potions of heal wounds
 K - a potion of invisibility
 L - 4 potions of haste
 N - 3 potions of resistance
 T - a potion of cancellation
Miscellaneous
 j - a box of beasts
 l - a condenser vane


   Skills:
 + Level 7.4 Fighting
 - Level 8.2 Maces & Flails
 - Level 8.0 Armour
 - Level 1.5 Dodging
 - Level 2.1 Stealth
 - Level 2.0 Shields
 - Level 2.0 Spellcasting
 + Level 15.9 Conjurations
 - Level 0.7 Transmutations
 + Level 17.4 Earth Magic
 + Level 15.3 Invocations
 - Level 6.0 Evocations


You had 10 spell levels left.
You knew the following spells:

 Your Spells              Type           Power      Damage    Failure   Level
a - Sandblast             Erth           100%       2d20      0%          1
b - Stone Arrow           Conj/Erth      100%       3d13      1%          3
c - Lee's Rapid Deconstr  Erth           39%        3d20*     1%          5

Your spell library contained the following spells:

 Spells                   Type           Power      Damage    Failure   Level
 Shock                    Conj/Air       100%       1d9       1%          1
 Passwall                 Tmut/Erth      43%        N/A       1%          2
 Static Discharge         Conj/Air       47%        N/A       1%          2
 Dazzling Flash           Conj/Hex       94%        N/A       1%          3
 Petrify                  Tmut/Erth      52%        N/A       3%          4
 Sting                    Tmut/Pois      16%        1d3       11%         1
 Animate Skeleton         Necr           4%         N/A       13%         1
 Apportation              Tloc           4%         N/A       13%         1
 Corona                   Hex            2%         N/A       13%         1
 Pain                     Necr           8%         1d4       13%         1
 Summon Small Mammal      Summ           8%         N/A       13%         1
 Lightning Bolt           Conj/Air       23%        1d39      14%         5
 Blink                    Tloc           N/A        N/A       19%         2
 Ensorcelled Hibernation  Hex/Ice        4%         N/A       19%         2
 Poisonous Vapours        Pois/Air       4%         N/A       19%         2
 Ignite Poison            Fire/Tmut/Pois 4%         N/A       34%         3
 Confusing Touch          Hex            2%         N/A       36%         3
 Gell's Gravitas          Tloc           1%         N/A       36%         3
 Lesser Beckoning         Tloc           1%         N/A       36%         3
 Swiftness                Air            2%         N/A       36%         3
 Teleport Other           Tloc           2%         N/A       36%         3
 Tukima's Dance           Hex            2%         N/A       36%         3
 Vampiric Draining        Necr           1%         2d6       36%         3
 Airstrike                Air            1%         N/A       77%         4
 Animate Dead             Necr           1%         N/A       77%         4
 Agony                    Necr           2%         N/A       98%         5
 Manifold Assault         Tloc           2%         N/A       98%         5


Dungeon Overview and Level Annotations

Branches:
Dungeon (15/15)            Temple (1/1) D:4            Lair (6/6) D:11
  Swamp (1/4) Lair:3       Spider (0/4) Lair:4        Slime (0/5) Lair:6
    Orc (2/2) D:10            Elf (0/3) Orc:2        Vaults (0/5) D:14
  Sewer (visited)         Ossuary (visited)          Bailey (visited)
  IceCv (1/1)             Gauntlet (visited)
 Depths: D:15

Altars:
Ashenzari
Cheibriados
Dithmenos
Elyvilon
Fedhas
Gozag
Hepliaklqana
Kikubaaqudgha
Makhleb
Nemelex Xobeh
Okawaru
Qazlal
Ru
Sif Muna
Trog
Uskayaw
Vehumet
Wu Jian
Xom
Yredelemnul
Zin
The Shining One
Beogh
Lugonu

Shops:
Orc:2 *[=!

Portals:
Abyss: Lair:4

Annotations:
D:13 2 transporters
Orc:2 3 runed translucent doors, Dorkslayer's ghost, journeyman GrFi


Innate Abilities, Weirdness & Mutations

You are immune to sickness and miasma.
Your stone body is resilient. (AC +12)
You are immune to poison.
Your large and strong wings let you fly.
You resist negative energy. (rN+)
You are resistant to electric shocks. (rElec)
You are resistant to unholy torment.
You are immune to petrification.
Your body sometimes deteriorates upon taking damage.


Message History

You block the ettin simulacrum's attack.
The anaconda simulacrum constricts you but does no damage.
The anaconda simulacrum bites you but does no damage.
You block the anaconda simulacrum's attack. x2
The anaconda simulacrum constricts you but does no damage.
The anaconda simulacrum bites you!
* * * LOW HITPOINT WARNING * * *
Your body deteriorates!
You feel clumsy. The anaconda simulacrum freezes you. You resist.
* * * LOW HITPOINT WARNING * * *
The anaconda simulacrum constricts you.
* * * LOW HITPOINT WARNING * * *
The anaconda simulacrum freezes you. You resist.
You feel more protected from cold.
* * * LOW HITPOINT WARNING * * *
The anaconda simulacrum bites you but does no damage.
Okay, then.
You feel much better.
The anaconda simulacrum closely misses you.
The anaconda simulacrum bites you but does no damage.
You block the anaconda simulacrum's attack.
The anaconda simulacrum bites you.
* * * LOW HITPOINT WARNING * * *
The anaconda simulacrum freezes you! You resist.
You feel more protected from cold.
* * * LOW HITPOINT WARNING * * *
The ettin simulacrum is engulfed in blazing flames.
The ettin simulacrum hits you.
* * * LOW HITPOINT WARNING * * *
The ettin simulacrum freezes you. You resist.
You feel more protected from cold.
* * * LOW HITPOINT WARNING * * *
The ettin simulacrum closely misses you.
The anaconda simulacrum misses you.
The anaconda simulacrum bites you but does no damage.
The anaconda simulacrum constricts you.
* * * LOW HITPOINT WARNING * * *
The anaconda simulacrum freezes you! You resist.
You feel more protected from cold.
You die...

###########
#...@☼....#
#..☼§ZZZ°.#
#...§Z☼°..#
#.........#
#....∩Z...#
##.......##
##.....##
###.### ...


You could see an anaconda simulacrum, an eight-headed hydra simulacrum, a
five-headed hydra simulacrum and 2 ettin simulacra.

Vanquished Creatures
  A tentacled starspawn (Abyss:1)
  Louise (D:14)
  A green draconian (Abyss:1)
  Nessos (Lair:6)
  A minotaur (Gauntlet)
  Josephine (D:11)
  Fannar (D:11)
  The ghost of Wuleama the Severer, a journeyman TeBe of Trog (D:14)
  10 hydras
  3 boulder beetles
  Harold (D:11)
  A catoblepas (Lair:3)
  2 centaur warriors
  An anaconda (Lair:4)
  10 death yaks
  10 two-headed ogres
  2 orc high priests
  2 tengu warriors
  Sonja (D:11)
  A deep elf knight (D:14)
  2 wretched stars (Abyss:1)
  3 spectral death yaks
  A spectral anaconda (Lair:6)
  A sixfirhy (Abyss:2)
  A bog body (Swamp:1)
  2 starcursed masses (Abyss:1)
  8 orc knights
  An obsidian statue (Lair:6)
  2 oklob plants
  10 orc sorcerers
  4 deep elf pyromancers (D:14)
  3 necromancers (Lair:6)
  4 cyclopes
  A manticore (Lair:5)
  3 ugly things
  5 elephants (Lair:6)
  A dire elephant zombie (Lair:6)
  12 black mambas
  2 ice statues
  Maurice (D:11)
  A torpor snail (Lair:1)
  19 cane toads
  A dire elephant skeleton (Lair:6)
  3 unseen horrors
  2 kobold demonologists
  7 komodo dragons
  8 rime drakes
  2 tengu conjurers (Gauntlet)
  4 trolls
  A polar bear (Lair:3)
  3 meliai (D:13)
  A jumping spider (Lair:4)
  22 blink frogs
  2 tyrant leeches (Lair:3)
  4 hornets
  A raiju (Abyss:1)
  Prince Ribbit (D:6)
  2 spectral elephants (Lair:6)
  3 slime creatures (D:14)
  A redback (Lair:4)
  Sigmund (D:4)
  5 shadows (Gauntlet)
  A tarantella (shapeshifter) (D:13)
  4 wraiths (D:11)
  9 wyverns
  3 spriggans (Swamp:1)
  61 yaks
  2 vampires
  A dire elephant simulacrum (Lair:6)
  11 basilisks
  4 water elementals (D:14)
  2 large abominations (Abyss:1)
  2 neqoxecs (Abyss:1)
  2 steam dragons
  7 vampire mosquitoes
  2 swamp worms (Lair:3)
  10 wargs
  A death yak simulacrum (Lair:6)
  4 small abominations (Abyss:1)
  4 spectral cane toads (Lair:6)
  21 water moccasins
  Edmund (D:4)
  2 acid dragons
  A hell hound (Lair:5)
  9 ice beasts
  27 orc warriors
  9 ogres
  5 black bears
  2 necrophages (Swamp:1)
  5 wolves
  10 centaurs
  3 elephant skeletons (Lair:6)
  Blork the orc (D:4)
  10 kobold brigands
  16 bullfrogs
  3 scorpions
  A gnoll sergeant (D:10)
  2 cane toad simulacra (Lair:6)
  2 water moccasin zombies
  A wyvern zombie (D:8)
  An elephant simulacrum (Lair:6)
  5 wights (D:8)
  3 electric eels
  2 howler monkeys (D:7)
  2 bullfrog zombies
  2 human zombies (Ossuary)
  5 centaur zombies
  12 orc priests
  5 hounds
  6 jellies
  Crazy Yiuf (D:6)
  An iron imp (Abyss:1)
  Terence (D:2)
  43 orc wizards
  18 hell rats
  2 hound skeletons (D:5)
  2 mummies (Ossuary)
  Robin (D:3)
  A howler monkey zombie (D:10)
  5 gnolls
  5 adders
  2 shadow imps (D:6)
  A white imp (D:6)
  5 worms
  4 dart slugs
  88 orcs
  3 ball pythons
  7 bats
  7 endoplasms
  3 giant cockroaches
  21 goblins
  7 hobgoblins
  8 jackals
  41 kobolds
  4 quokkas
  7 frilled lizards
  A goblin zombie (Ossuary)
  A hobgoblin zombie (Ossuary)
  A kobold zombie (Ossuary)
  2 orc zombies (Ossuary)
  8 rats
  A butterfly (Lair:2)
  2 lurking horrors
821 creatures vanquished.

Vanquished Creatures (others)
  An ufetubus (Abyss:1)
  An orc (Orc:2)
  4 demonic plants (Gauntlet)
  43 fungi
  89 plants
  6 starspawn tentacles (Abyss:1)
  15 withered plants (Lair:6)
159 creatures vanquished.

Grand Total: 980 creatures vanquished

Notes
Turn   | Place    | Note
-------+----------+-------------------------------------------
     0 | D:1      | GeorgeSoros the Gargoyle Earth Elementalist began the quest
                  | for the Orb.
     0 | D:1      | Reached XP level 1. HP: 10/10 MP: 3/3
   758 | D:1      | Reached XP level 2. HP: 16/16 MP: 3/5
   798 | D:1      | Reached skill level 1 in Fighting
   867 | D:1      | Reached skill level 1 in Conjurations
   867 | D:1      | Reached skill level 4 in Earth Magic
  1166 | D:2      | Found a faded altar of an unknown god.
  1210 | D:2      | Reached XP level 3. HP: 18/20 MP: 6/6
  1350 | D:2      | Noticed Terence
  1717 | D:2      | Killed Terence
  1897 | D:2      | Found a burning altar of Makhleb.
  1980 | D:2      | Reached XP level 4. HP: 22/26 MP: 2/7
  2109 | D:2      | Learned a level 3 spell: Stone Arrow
  2562 | D:3      | Reached skill level 1 in Armour
  2651 | D:3      | Reached XP level 5. HP: 29/31 MP: 6/8
  2727 | D:3      | Noticed Robin
  2743 | D:2      | Reached skill level 1 in Shields
  2944 | D:3      | Killed Robin
  3867 | D:4      | Noticed Edmund
  3885 | D:4      | Killed Edmund
  3886 | D:4      | Reached skill level 5 in Earth Magic
  3886 | D:4      | Reached XP level 6. HP: 9/37 MP: 1/9
  4310 | D:4      | Reached XP level 7. HP: 41/41 MP: 8/10
  4593 | D:4      | Identified the +3 helmet of the Pleiades {rElec Will+
                  | Regen+ Int-5}
  4948 | D:4      | Noticed Blork the orc
  4949 | D:4      | Found a staircase to the Ecumenical Temple.
  4959 | D:4      | Killed Blork the orc
  4965 | Temple   | Entered the Ecumenical Temple
  5166 | Temple   | Became a worshipper of Qazlal Stormbringer
  5217 | D:4      | Reached skill level 6 in Earth Magic
  5262 | D:4      | Noticed Sigmund
  5281 | D:4      | Killed Sigmund
  5282 | D:4      | Reached skill level 1 in Invocations
  5282 | D:4      | Reached XP level 8. HP: 30/48 MP: 1/11
  5695 | D:5      | Entered Level 5 of the Dungeon
  5759 | D:5      | Reached skill level 5 in Conjurations
  6290 | D:5      | Reached skill level 7 in Earth Magic
  6711 | D:5      | Reached skill level 5 in Armour
  7181 | D:6      | Found a glowing drain.
  7205 | Sewer    | Entered a sewer
  7475 | Sewer    | Reached XP level 9. HP: 51/52 MP: 4/12
  7714 | D:6      | Identified a scroll of acquirement
  7714 | D:6      | Acquired the +0 pair of boots of the Ecumenical Temple {rF+
                  | Will+ Int+2 Slay+2}
  7739 | D:6      | Noticed Prince Ribbit
  7746 | D:6      | Killed Prince Ribbit
  8006 | D:6      | Reached skill level 8 in Earth Magic
  8255 | D:6      | Found a runed translucent door.
  8256 | D:6      | Noticed Crazy Yiuf
  8262 | D:6      | Killed Crazy Yiuf
  8896 | D:7      | Reached * piety under Qazlal
  9134 | D:7      | Reached skill level 5 in Invocations
  9489 | D:8      | Noticed a hornet
  9493 | D:8      | Killed a hornet
  9638 | D:8      | Found a sand-covered staircase.
  9642 | Ossuary  | Entered an ossuary
  9780 | Ossuary  | Reached skill level 9 in Earth Magic
  9780 | Ossuary  | Reached XP level 10. HP: 58/58 MP: 14/14
 10388 | D:8      | Reached ** piety under Qazlal
 10679 | D:8      | Noticed a kobold demonologist
 10683 | D:8      | Killed a kobold demonologist
 11107 | D:9      | Found a blossoming altar of Fedhas.
 11120 | D:9      | Noticed a two-headed ogre
 11125 | D:9      | Killed a two-headed ogre
 11126 | D:9      | Reached skill level 10 in Earth Magic
 11204 | D:9      | Found a broken altar of Ashenzari.
 11212 | D:9      | Found a shadowy altar of Dithmenos.
 11222 | D:9      | Found a bloodstained altar of Trog.
 11222 | D:9      | Found a radiant altar of Vehumet.
 11223 | D:9      | Found a glowing silver altar of Zin.
 11297 | D:9      | Noticed a two-headed ogre
 11302 | D:9      | Killed a two-headed ogre
 11303 | D:9      | Reached skill level 1 in Maces & Flails
 11303 | D:9      | Reached XP level 11. HP: 62/62 MP: 6/16
 11397 | D:9      | Noticed a two-headed ogre
 11403 | D:9      | Killed a two-headed ogre
 11404 | D:9      | Reached skill level 5 in Fighting
 11886 | D:10     | Entered Level 10 of the Dungeon
 11886 | D:10     | Found a staircase to the Orcish Mines.
 11952 | D:10     | Found a flagged portal.
 12021 | Bailey   | Entered a bailey
 12022 | Bailey   | Upgraded the game from 0.27-a0-1184-ge86db4a to
                  | 0.27-a0-1186-g8b4daa1
 12048 | Bailey   | Noticed an orc knight
 12194 | Bailey   | Noticed an orc knight
 12200 | Bailey   | Reached *** piety under Qazlal
 12444 | Bailey   | Killed an orc knight
 12693 | Bailey   | Killed an orc knight
 13116 | D:10     | Reached skill level 11 in Earth Magic
 13426 | D:10     | Noticed a two-headed ogre
 13432 | D:10     | Killed a two-headed ogre
 13586 | D:10     | Noticed a two-headed ogre
 13592 | D:10     | Killed a two-headed ogre
 13593 | D:10     | Reached skill level 10 in Conjurations
 13695 | D:10     | Learned a level 5 spell: Lee's Rapid Deconstruction
 13963 | D:11     | Noticed Fannar
 14195 | D:11     | Noticed Josephine
 14203 | D:11     | Killed Josephine
 14207 | D:11     | Reached **** piety under Qazlal
 14540 | D:11     | Noticed a two-headed ogre
 14545 | D:11     | Reached XP level 12. HP: 65/68 MP: 11/18
 14548 | D:11     | Killed a two-headed ogre
 14549 | D:11     | Reached skill level 5 in Maces & Flails
 14584 | D:11     | Noticed a two-headed ogre
 14587 | D:11     | Killed a two-headed ogre
 14589 | D:11     | Noticed Sonja
 14595 | D:11     | Killed Sonja
 14596 | D:11     | Reached skill level 12 in Earth Magic
 14713 | D:11     | Killed Fannar
 14887 | D:11     | Found a staircase to the Lair.
 14955 | D:11     | Noticed Maurice
 14961 | D:11     | Killed Maurice
 14970 | D:11     | Noticed a two-headed ogre
 14980 | D:11     | Killed a two-headed ogre
 14981 | D:11     | Reached skill level 10 in Invocations
 15082 | D:11     | Noticed Harold
 15090 | D:11     | Killed Harold
 15623 | Lair:1   | Entered Level 1 of the Lair of Beasts
 15680 | Lair:1   | Noticed a five-headed hydra
 15704 | Lair:1   | Killed a five-headed hydra
 16366 | Lair:1   | Reached skill level 13 in Earth Magic
 16366 | Lair:1   | Reached XP level 13. HP: 70/72 MP: 11/21
 18213 | Lair:2   | Reached skill level 1 in Evocations
 18314 | Lair:2   | Reached ***** piety under Qazlal
 18466 | Lair:2   | Upgraded the game from 0.27-a0-1186-g8b4daa1 to
                  | 0.27-a0-1188-g73eefd5
 19902 | Lair:3   | Reached skill level 14 in Earth Magic
 20389 | Lair:3   | Found a staircase to the Swamp.
 20866 | Lair:4   | Gained mutation: Your large and strong wings let you fly.
                  | [Gargoyle growth]
 20866 | Lair:4   | Reached XP level 14. HP: 77/78 MP: 2/23
 21510 | Lair:4   | Found a hole to the Spider Nest.
 21675 | Lair:4   | Found a one-way gate to the infinite horrors of the Abyss.
 21680 | Lair:4   | Found a corrupted altar of Lugonu.
 23726 | Lair:5   | Reached skill level 5 in Evocations
 24228 | Lair:5   | Identified the +1 robe of the Shoals {Slay+4}
 24359 | Lair:6   | Entered Level 6 of the Lair of Beasts
 24386 | Lair:5   | Reached ****** piety under Qazlal
 24716 | Lair:6   | Found a gate leading to a gauntlet.
 24734 | Gauntlet | Entered a Gauntlet
 24734 | Gauntlet | Found a transporter.
 24734 | Gauntlet | Found a transporter.
 24734 | Gauntlet | Found a transporter.
 24946 | Gauntlet | Found a transporter.
 24949 | Gauntlet | Found a transporter.
 24960 | Gauntlet | Found a transporter.
 24963 | Gauntlet | Found a transporter.
 24981 | Gauntlet | Found a transporter.
 24998 | Gauntlet | Found a transporter.
 25021 | Gauntlet | Found a transporter.
 25024 | Gauntlet | Found a transporter.
 25039 | Gauntlet | Found a transporter.
 25350 | Gauntlet | Reached skill level 15 in Earth Magic
 25357 | Gauntlet | Identified the ring of Otecedoz {rF+ rC+ rCorr Int+3
                  | Stlth+}
 25651 | Lair:6   | Noticed Nessos
 25676 | Lair:6   | Reached XP level 15. HP: 58/82 MP: 4/24
 25683 | Lair:6   | Killed Nessos
 26015 | Lair:6   | Found a staircase to the Slime Pits.
 26234 | Lair:6   | Identified the +7 spear of the Coward {vorpal, rC+}
 27532 | Lair:6   | Reached skill level 16 in Earth Magic
 27540 | Lair:6   | Identified the Disquisition on the Vitriolic Volcanoes
 28106 | Orc:1    | Entered Level 1 of the Orcish Mines
 28413 | Orc:2    | Entered Level 2 of the Orcish Mines
 28805 | Orc:2    | Found a staircase to the Elven Halls.
 30206 | Orc:2    | Found Bianojinli's Distillery.
 30206 | Orc:2    | Found Xojuneaj's Jewellery Shoppe.
 30241 | Orc:2    | Found a runed translucent gate.
 30241 | Orc:2    | Identified the +6 lajatang "Ceuf" {holy, Contam rPois rF+}
 30241 | Orc:2    | Identified the +0 ring mail of Entitlement {rPois rC+
                  | Regen+}
 30242 | Orc:2    | Found a runed translucent gate.
 30243 | Orc:2    | Found a runed translucent gate.
 30243 | Orc:2    | Noticed Dorkslayer's ghost (journeyman GrFi)
 30243 | Orc:2    | Noticed an orc warlord
 30244 | Orc:2    | Found an iron altar of Okawaru.
 30445 | Orc:2    | Found Veazavud's Antique Armour Boutique.
 30445 | Orc:2    | Found Vosuss's General Store.
 31775 | D:12     | Reached skill level 15 in Conjurations
 32933 | D:13     | Found a transporter.
 32935 | D:13     | Found a transporter.
 32935 | D:13     | Found a corrupted altar of Lugonu.
 32935 | D:13     | Noticed a tentacled starspawn
 33262 | D:13     | Reached XP level 16. HP: 85/87 MP: 16/26
 34466 | D:14     | Found a runed translucent gate.
 34467 | D:14     | Found a runed translucent gate.
 34467 | D:14     | Noticed Wuleama's ghost (journeyman TeBe)
 34468 | D:14     | Found a runed translucent gate.
 34476 | D:14     | Cast into level 1 of the Abyss (orc)
 34599 | Abyss:1  | Noticed a tentacled starspawn
 34608 | Abyss:1  | Killed a tentacled starspawn
 34744 | Abyss:1  | Reached skill level 17 in Earth Magic
 34868 | Abyss:1  | Gained mutation: Your body sometimes deteriorates upon
                  | taking damage. [a neqoxec]
 34888 | Abyss:1  | Reached skill level 15 in Invocations
 34919 | Abyss:1  | Noticed a tentacled starspawn
 34978 | D:14     | Escaped the Abyss
 35315 | D:14     | Killed Wuleama's ghost
 35658 | D:14     | Found a gate to the Vaults.
 35717 | D:14     | Found a broken altar of Ashenzari.
 35839 | D:14     | Noticed Louise
 35886 | D:14     | Killed Louise
 36500 | D:15     | Entered Level 15 of the Dungeon
 36675 | Swamp:1  | Entered Level 1 of the Swamp
 36982 | Swamp:1  | Found a frozen archway.
 36996 | IceCv    | Entered an ice cave
 37019 | IceCv    | HP: 4/92 [anaconda simulacrum (14)]
 37027 | IceCv    | HP: 3/92 [ettin simulacrum (5)]
 37028 | IceCv    | Mangled by an anaconda simulacrum

Illustrated notes

Levels and vault maps discovered:
D:1:      saegor_arrival_simple_b, layout_basic
D:2:      layout_basic, basic_altar, hellmonk_ecumenical_altar_leap_of_faith,
          minmay_joined_circles, uniq_terence
D:3:      layout_basic, minmay_misc_feat_alley, uniq_robin
D:4:      layout_loops_ring, minmay_temple_entry_statues_pillars, uniq_sigmund,
          uniq_edmund, uniq_blork_the_orc
D:5:      layout_layer_cave
D:6:      layout_loops_ring, portal_sewer_entry_b, minmay_misc_feat_room,
          uniq_crazy_yiuf_cottage, uniq_prince_ribbit1
D:7:      layout_basic, kennysheep_generic_room_11
D:8:      layout_rooms, special_room [special_room_kobold], enter_ossuary_5
D:9:      layout_basic, lemuel_crystal_altar, minitemple
D:10:     layout_roguey, orc_0_dummy, enter_bailey_3
D:11:     layout_basic, minmay_lair_entry_grove, uniq_josephine, uniq_sonja,
          uniq_harold, uniq_fannar, uniq_maurice
D:12:     layout_basic
D:13:     gammafunk_corrupted_shrine, layout_stronghold
D:14:     layout_small_grid, hangedman_vaults_entry_quadrant_bands,
          chequers_big_river, biasface_ghost_orc_armoury,
          nicolae_ashenzari_skybound, uniq_louise
D:15:     grunt_enter_depths_magical_seal, layout_loops_cross, serial_shops,
          nicolae_shop_waterfront
Temple:   regret_index_temple_sphere_string
Lair:1:   layout_long_grid
Lair:2:   layout_cave_pods, lemuel_fruit_fields, serial_bayou_shore_b,
          minmay_lair_oklob_chamber
Lair:3:   layout_small_grid, minmay_swamp_entry_worms
Lair:4:   beast_lair_carwin_large_4, layout_loops_ring, spider_nest_entry_a,
          amcnicky_altar_lugonu_corruption, lemuel_fruit_fields
Lair:5:   layout_misc_corridors, special_room [special_room_mythical_zoo]
Lair:6:   due_jungle_book, layout_misc_corridors,
          nicolae_slime_entry_slimehenge, gauntlet_entry_generic,
          minmay_stone_trees_small, grunt_forest_small_clearing_treed,
          uniq_nessos
Swamp:1:  layout_basic_swamp, portal_ice_cave_entry_ice_statue_one,
          nicolae_swamp_well_well_well
Orc:1:    layout_caves
Orc:2:    st_orc_town, layout_caves, gammafunk_ghost_fury_of_okawaru,
          kennysheep_orc_chapel
IceCv:    ice_cave_statue_garden_chambered

Skill      XL: |  1  2  3  4  5  6  7  8  9 10 11 12 13 14 15 16 |
---------------+-------------------------------------------------+-----
Fighting       | 1 2 3 4 5 7 |  7.4
Conjurations   | 1 2 3 4 5 7 9 10 11 12 13 15 | 15.9
Earth Magic    | 4 5 6 7 9 10 11 13 14 15 16 17 | 17.4
Armour         | 1 2 4 5 6 8 |  8.0
Shields        | 2 |  2.0
Invocations    | 1 3 5 7 9 10 12 13 14 15 | 15.3
Maces & Flails | 1 4 7 8 |  8.2
Evocations     | 3 6 |  6.0
Dodging        | |  1.5
Stealth        | |  2.1
Spellcasting   | |  2.0
Transmutations | |  0.7

Action                   |  1- 3 |  4- 6 |  7- 9 | 10-12 | 13-15 | 16-18 || total
-------------------------+-------+-------+-------+-------+-------+-------++-------
Melee: Unarmed           |    28 |       |       |       |       |       ||    28
       Spear             |    67 |    19 |       |       |       |       ||    86
       Flail             |       |    39 |       |       |       |       ||    39
       Mace              |       |    20 |       |       |       |       ||    20
       Dire flail        |       |     5 |   150 |   320 |   728 |   230 ||  1433
 Cast: Sandblast         |    29 |    90 |   110 |    26 |       |       ||   255
       Stone Arrow       |       |       |     6 |   133 |   416 |    99 ||   654
       Lee's Rapid Decon |       |       |       |       |     9 |    17 ||    26
Invok: Upheaval          |       |       |       |     1 |     5 |     3 ||     9
Evoke: Wand              |       |       |     7 |    12 |     1 |     1 ||    21
       Condenser vane    |       |       |       |       |     1 |       ||     1
  Use: Scroll            |     7 |     8 |     4 |    11 |     4 |     6 ||    40
       Potion            |       |     3 |       |     1 |     3 |     6 ||    13
 Stab: Sleeping          |     1 |       |       |       |       |       ||     1
Armor: Robe              |     5 |       |       |       |       |       ||     5
       Leather armour    |    23 |    78 |   101 |       |       |       ||   202
       Scale mail        |       |       |    71 |   182 |       |       ||   253
       Acid dragon scale |       |       |       |    74 |   593 |   179 ||   846
       Skin              |       |       |       |     2 |       |       ||     2
Dodge: Dodged            |    47 |    91 |   160 |   238 |   443 |   111 ||  1090
       Repelled          |       |       |       |       |     6 |     7 ||    13
Block: Other             |       |       |     4 |    85 |   345 |    86 ||   520

Table legend: (Time is in decaauts)
 A = Elapsed time spent in this place.
 B = Non-inter-level travel time spent in this place.
 C = Inter-level travel time spent in this place.
 D = Time resting spent in this place.
 E = Time spent auto-exploring this place.
 F = Levels seen in this place.
 G = Mean time per level.
                   A        B        C        D        E       F      G
               +--------+--------+--------+--------+--------+-----+--------+
         Total |  37099 |  35660 |   1439 |   6216 |  23345 |  32 | 1159.3 |
       Dungeon |  18423 |  17713 |    710 |   1117 |  13878 |  15 | 1228.2 |
        Temple |    211 |    202 |      9 |      0 |    182 |   1 |  211.0 |
          Lair |  11435 |  10820 |    615 |   2001 |   6981 |   6 | 1905.8 |
         Swamp |    305 |    305 |      0 |      0 |    219 |   1 |  305.0 |
  Orcish Mines |   3612 |   3508 |    104 |   1854 |   1062 |   2 | 1806.0 |
         Abyss |    494 |    494 |      0 |      0 |    326 |   2 |  247.0 |
         Sewer |    397 |    397 |      0 |      0 |    337 |   1 |  397.0 |
       Ossuary |    239 |    239 |      0 |     24 |     78 |   1 |  239.0 |
        Bailey |   1051 |   1051 |      0 |    607 |    109 |   1 | 1051.0 |
      Ice Cave |     24 |     24 |      0 |      0 |      0 |   1 |   24.0 |
      Gauntlet |    904 |    904 |      0 |    613 |    172 |   1 |  904.0 |
               +--------+--------+--------+--------+--------+-----+--------+

Top non-repeatable levels by time:
  Lair:4: 2577 daAuts
  Lair:6: 2198 daAuts
  Lair:3: 2116 daAuts
   Orc:1: 1821 daAuts
    D:11: 1795 daAuts
   Orc:2: 1791 daAuts
     D:4: 1709 daAuts
    D:14: 1689 daAuts
  Lair:1: 1681 daAuts
  Lair:2: 1619 daAuts
     D:2: 1554 daAuts
     D:5: 1444 daAuts
     D:8: 1403 daAuts
    D:13: 1393 daAuts
     D:1: 1263 daAuts
